Map: 强酸工厂 - 天梯版

Players

TIME (Oliveira) - Winner!

  • Race: Terran Terran
  • Spawn Location: 5:00

Namshar

  • Race: Zerg Zerg
  • Spawn Location: 11:00

Event: WCS Montreal 2018

VOD

Have the link to the VOD?

Description

Time

  • Played on: Sept. 7, 2018, 8:39 p.m.
  • Length: 9:05

All games in this series

Show
View Real Time Build Order
Export as new Build Order

TIME Terran - Winner!

Build Orders: MMM Bio 

Get SALT Encoding   

  12  0:00  SCV  
  13  0:12  SCV  
  14  0:20  Supply Depot  
  14  0:25  SCV  
  15  0:42  Barracks  
  15  0:52  Barracks  
  15  0:56  SCV  
  16  1:01  Refinery  
  16  1:08  SCV  
  17  1:20  SCV  
  18  1:29  Marine  
  19  1:33  Orbital Command  
  19  1:40  Marine  
  19  1:45  Bunker  
  20  1:47  Marine  
  21  1:57  Supply Depot  
  21  2:01  Marine  
  22  2:06  Bunker, Marine  
  23  2:16  Bunker  
  23  2:18  SCV  
  23  2:21  Marine  
  25  2:30  SCV  
  25  2:31  Marine  
  26  2:39  Marine  
  26  2:42  Factory  
  26  2:43  SCV  
  28  2:49  Marine  
  27  2:55  SCV  
  27  2:57  Marine  
  26  3:06  Supply Depot  
  26  3:09  SCV  
  27  3:21  SCV  
  28  3:29  Factory Reactor  
  28  3:31  Starport  
  28  3:33  SCV  
  29  3:46  SCV  
  30  3:52  Refinery  
  30  3:57  Command Center  
  30  4:00  SCV  
  30  4:06  Hellion x2  
  30  4:07  Viking  
  36  4:14  Supply Depot  
  36  4:15  SCV  
  37  4:27  SCV  
  37  4:28  Barracks Reactor, Barracks Tech Lab  
  38  4:36  Hellion x2  
  38  4:37  Medivac  
  44  4:40  SCV  
  44  4:41  Supply Depot  
  45  4:47  Marine  
  45  4:48  Stimpack  
  45  4:52  SCV  
  47  5:04  SCV  
  47  5:05  Marine  
  49  5:08  Factory Tech Lab  
  49  5:11  Marine x2  
  49  5:13  Orbital Command  
  51  5:16  SCV  
  52  5:26  Marine  
  53  5:29  SCV, Marine x2  
  53  5:32  Siege Tank  
  59  5:36  Refinery  
  59  5:40  SCV  
  59  5:41  Engineering Bay, SCV  
  61  5:46  Marine  
  62  5:52  SCV  
  62  5:53  SCV  
  64  5:57  Marine, Supply Depot  
  64  5:58  Supply Depot  
  65  6:04  SCV  
  65  6:05  SCV, Marine  
  65  6:06  Marine  
  69  6:14  Terran Infantry Weapons Level 1  
  69  6:15  Marine  
  70  6:19  Medivac x2, SCV x2  
  70  6:22  Supply Depot  
  76  6:27  Marine, Siege Tank  
  76  6:29  Marine  
  81  6:33  Marine  
  81  6:36  SCV x2  
  84  6:44  Supply Depot  
  84  6:45  Marine  
  84  6:47  Marine  
  85  6:49  Combat Shields  
  85  6:51  Marine  
  87  6:54  SCV  
  87  6:55  SCV  
  87  6:58  Supply Depot  
  87  6:59  Siege Tank  
  92  7:03  Marine  
  92  7:04  Marine  
  92  7:07  Supply Depot  
  94  7:09  Marine  
  94  7:14  SCV  
  95  7:18  SCV  
  95  7:21  Marine  
  95  7:22  Marine  
  95  7:26  SCV  
  95  7:27  Marine  
  94  7:31  Siege Tank  
  94  7:35  Liberator  
  87  7:37  Command Center  
  87  7:38  Marine  
  87  7:40  Marine  
  89  7:44  SCV  
  89  7:45  Marine  
  91  7:53  SCV  
  91  7:54  Barracks  
  91  7:56  Refinery, Barracks, Marine  
  91  7:57  Barracks  
  91  7:58  Marine  
  96  8:03  Liberator  
  96  8:04  Marine  
  90  8:09  SCV, Siege Tank  
  94  8:14  Marine  
  94  8:16  SCV, Marine  
  97  8:21  Marine  
  93  8:32  Marine  
  93  8:34  SCV, Marine  
  91  8:39  SCV, Marine  
  96  8:43  Barracks Reactor  
  96  8:44  Barracks Reactor  
  96  8:45  Barracks Reactor  
  96  8:47  SCV  
  96  8:52  SCV  
Show
View Real Time Build Order
Export as new Build Order

Namshar Zerg 

Build Orders: Hatch First 

Get SALT Encoding   

  12  0:00  Drone  
  13  0:12  Overlord  
  13  0:16  Drone  
  14  0:30  Drone x2  
  14  0:34  Drone  
  17  0:50  Hatchery  
  17  0:54  Drone  
  17  0:57  Drone  
  18  1:08  Extractor  
  17  1:12  Spawning Pool  
  17  1:15  Drone  
  17  1:19  Drone  
  19  1:43  Overlord  
  19  2:01  Zergling x6  
  22  2:07  Spine Crawler  
  21  2:09  Zergling x2  
  21  2:15  Zergling x4  
  21  2:34  Queen  
  23  2:37  Zergling x2  
  22  2:49  Zergling x6  
  23  2:54  Extractor  
  23  2:56  Drone  
  22  3:17  Queen  
  24  3:22  Drone x3  
  27  3:29  Spine Crawler  
  27  3:33  Zergling x2  
  27  3:41  Zergling x4  
  28  3:43  Zergling x2  
  29  3:50  Zergling x2  
  29  4:03  Overlord  
  29  4:07  Drone x2  
  31  4:15  Drone  
  31  4:16  Drone x2  
  34  4:32  Drone  
  34  4:33  Drone, Roach Warren  
  34  4:34  Drone  
  36  4:39  Overlord  
  36  4:44  Metabolic Boost  
  36  4:51  Overlord  
  36  5:06  Drone x3  
  39  5:07  Extractor  
  39  5:08  Drone x2  
  39  5:09  Drone  
  39  5:10  Overlord  
  39  5:13  Roach  
  43  5:18  Roach  
  45  5:24  Roach  
  45  5:25  Roach  
  49  5:35  Drone x3  
  52  5:36  Overlord  
  51  5:49  Drone x4  
  53  5:52  Queen  
  55  5:59  Drone x4  
  59  6:14  Hatchery  
  59  6:18  Ravager  
  59  6:20  Extractor, Drone  
  59  6:23  Drone x3  
  62  6:27  Overlord  
  61  6:36  Overlord  
  61  6:37  Roach  
  61  6:38  Roach x2  
  67  6:42  Overlord  
  67  6:51  Roach  
  67  6:52  Roach  
  71  6:58  Drone  
  71  6:59  Overlord  
  76  7:01  Roach x3  
  76  7:05  Roach x3  
  81  7:13  Zergling x2, Queen, Roach  
  83  7:15  Ravager  
  78  7:26  Roach x2  
  74  7:32  Roach x3  
  74  7:37  Zergling x2, Roach  
  72  7:45  Roach  
  72  7:47  Ravager, Roach  
  72  7:49  Queen  
  81  7:54  Roach  
  80  8:08  Drone x3  
  80  8:09  Drone x3  
  84  8:12  Hatchery  
  84  8:13  Hatchery  
  82  8:23  Roach  
  82  8:24  Roach x2  
  76  8:28  Roach  
  76  8:29  Roach x3  
  76  8:31  Roach  
  76  8:32  Roach  
  76  8:33  Zergling x2  
  74  8:34  Zergling x2  
  74  8:38  Roach  
Tags
 
Add a new tag
Caveats
  • Supply blocks, unpowered buildings, or Contaminate may cause inaccurate times.
  • Supply counts are checked every 10 seconds.